 Dungeon Crawl Stone Soup version 0.17.1-1-g73c8601 (webtiles) character file.

744 shmeve the Skirmisher (level 7, 41/61 HPs)
             Began as a Yellow Draconian Berserker on Apr 27, 2016.
             Was a Believer of Trog.
             Quit the game on level 4 of the Dungeon.
             The game lasted 00:07:03 (4009 turns).

shmeve the Skirmisher (Yellow Draconian Berserker)  Turns: 4009, Time: 00:07:03

Health: 41/61      AC:  7    Str: 21    XL:     7   Next: 47%
Magic:  7/7        EV: 14    Int:  7    God:    Trog [**....]
Gold:   205        SH:  0    Dex: 11    Spells: 0 memorised, 6 levels left

rFire  . . .     SeeInvis .     o - +0 war axe
rCold  . . .     Clarity  .     (armour unavailable)
rNeg   + . .     SustAt   .     (no shield)
rPois  .         Gourm    .     (helmet restricted)
rElec  .         Spirit   .     (no cloak)
rCorr  +         Warding  .     s - +0 pair of gloves
rMut   .         Stasis   .     (no boots)
MR     .....                    (no amulet)
Stlth  ++........               (no ring)
                                j - ring of positive energy

@: not resistant to hostile enchantments, unstealthy
A: spit acid, acid resistance, unfitting armour, cold-blooded, AC +6
a: Spit Acid, Berserk, Trog's Hand, Burn Spellbooks, Renounce Religion


You were on level 4 of the Dungeon.
You worshipped Trog.
Trog was pleased with you.
You were not hungry.

You visited 1 branch of the dungeon, and saw 4 of its levels.

You collected 205 gold pieces.

Inventory:

Hand Weapons
 o - a +0 war axe (weapon)
Armour
 s - a +0 pair of gloves (worn)
Jewellery
 j - a ring of positive energy (left hand)
Scrolls
 a - a scroll of blinking {unknown}
 c - 5 scrolls of identify {unknown}
 d - a scroll of enchant armour {unknown}
 k - a scroll of magic mapping {unknown}
 m - a scroll of enchant weapon {unknown}
 q - a scroll of remove curse {unknown}
Potions
 e - a potion of heal wounds {unknown}
 f - 2 potions of invisibility {unknown}
 g - a potion of resistance {unknown}
 i - a potion of curing {unknown}
 l - a potion of degeneration {unknown}
 n - a potion of ambrosia {unknown}
 p - 2 potions of flight {unknown}
 r - a potion of mutation {unknown}
 t - a potion of brilliance {unknown}
Comestibles
 b - 2 bread rations
 h - 2 slices of pizza
 u - 2 meat rations
 v - 3 fruits
 w - a chunk of flesh


   Skills:
 * Level 5.5 Fighting
 * Level 5.2 Axes
 * Level 5.1 Dodging
 + Level 3.0 Stealth


You had 6 spell levels left.
You didn't know any spells.

Dungeon Overview and Level Annotations

Branches:
Dungeon (4/15)
 Temple: D:4-7

Altars:
Fedhas
Qazlal


Innate Abilities, Weirdness & Mutations

You can spit globs of acid.
You are resistant to acid.
Your golden yellow scales are hard (AC +6).
Your body does not fit into most forms of armour.
You are cold-blooded and may be slowed by cold attacks.


Message History

The phantom barely misses you.
You slash the phantom!
The phantom is severely damaged.
The phantom hits you but does no damage.
The phantom blinks!
You feel yourself speed up. The phantom hits you!
A phantom is nearby!
You closely miss the phantom.
The phantom is severely damaged.
The phantom hits you but does no damage.
You barely miss the phantom.
The phantom is severely damaged.
The phantom hits you but does no damage.
You slash the phantom!
You destroy the phantom!
Your Stealth skill increases to level 3!
You feel less exhausted.
A giant cockroach comes into view.
Are you sure you want to abandon this character and quit the game? (Confirm with "yes".)

#s #. #. .. #. #.#
#. #.# #.#
#.#####.###.#######
#...........#......
#.@# #.##..#.#####
#..# ##.##.........
#..###........#####
#...........#.#
##.###..##.##.# #.#
#..##.##.#
#.###..##.##.#
#............#
#####.##.#####


You could see a giant cockroach (sleeping).

Vanquished Creatures
  Sigmund (D:4)
  2 phantoms (D:4)
  An ogre (D:4)
  The ghost of shmeve the Skirmisher, a weakling DrFi (D:3)
  2 orc priests
  Natasha (thrice) (D:2)
  An orc wizard (D:4)
  A hound skeleton (D:3)
  6 adders
  A gnoll (D:4)
  3 worms
  A giant gecko (D:4)
  8 orcs
  4 ball pythons
  2 giant cockroaches (D:3)
  6 hobgoblins
  7 kobolds
  2 quokkas (D:2)
  6 bats
  8 giant newts
  5 goblins
  8 jackals
  A jackal skeleton (D:4)
  7 rats
87 creatures vanquished.

Notes
Turn   | Place    | Note
--------------------------------------------------------------
     0 | D:1      | shmeve the Draconian Berserker began the quest for the Orb.
     0 | D:1      | Reached XP level 1. HP: 19/19 MP: 1/1
   287 | D:1      | Reached XP level 2. HP: 23/26 MP: 2/2
  1109 | D:2      | Reached skill level 1 in Stealth
  1273 | D:2      | Reached ** piety under Trog
  1294 | D:2      | Noticed Natasha
  1305 | D:2      | Killed Natasha
  1305 | D:2      | Reached XP level 3. HP: 31/33 MP: 3/3
  1456 | D:2      | Reached XP level 4. HP: 14/40 MP: 4/4
  1607 | D:2      | Found a blossoming altar of Fedhas.
  1683 | D:2      | Noticed Natasha
  1691 | D:2      | Killed Natasha
  1847 | D:2      | Noticed Natasha
  1858 | D:2      | Killed Natasha
  2114 | D:3      | Found a stormy altar of Qazlal.
  2186 | D:3      | Reached skill level 4 in Fighting
  2203 | D:3      | HP: 2/40 [poisoned by an orc]
  2517 | D:3      | Reached XP level 5. HP: 41/46 MP: 5/5
  2662 | D:3      | Noticed shmeve's ghost (weakling DrFi)
  2678 | D:3      | Killed shmeve's ghost
  3357 | D:4      | Noticed an ogre
  3364 | D:4      | Killed an ogre
  3364 | D:4      | Reached XP level 6. HP: 34/53 MP: 6/6
  3726 | D:4      | Noticed a phantom
  3742 | D:4      | Killed a phantom
  3742 | D:4      | Reached skill level 5 in Fighting
  3942 | D:4      | Noticed Sigmund
  3950 | D:4      | Killed Sigmund
  3950 | D:4      | Reached skill level 5 in Axes
  3950 | D:4      | Your scales start taking on a golden yellow colour.
  3950 | D:4      | Reached XP level 7. HP: 61/61 MP: 7/7
  3955 | D:4      | Reached skill level 5 in Dodging
  4009 | D:4      | Quit the game

Action                   |  1- 3 |  4- 6 |  7- 9 || total
-------------------------+-------+-------+-------++-------
Melee: Hand axe          |   107 |    57 |       ||   164
       War axe           |       |   125 |    16 ||   141
Invok: Berserk           |     1 |     6 |       ||     7
       Trog's Hand       |     2 |     6 |       ||     8
 Stab: Sleeping          |       |     2 |       ||     2
  Eat: Bread ration      |     1 |       |       ||     1
       Chunk             |       |    13 |     1 ||    14
